 Dungeon Sprint DCSS version 0.17-a0-1210-g1e4f09d (webtiles) character file.

5954 nuthulu the Peltast (level 10, -5/74 HPs)
             Began as a Gargoyle Fighter on June 3, 2015.
             Was the Champion of Cheibriados.
             Incinerated by a hell hog (10 damage)
             ... with a sticky flame
             ... in the Dungeon (Sprint V: "Ziggurat Sprint").
             The game lasted 00:04:27 (781 turns).

nuthulu the Peltast (Gargoyle Fighter)               Turns: 781, Time: 00:04:28

Health: -5/74      AC: 38    Str: 47    XL:     10   Next: 84%
Magic:  4/15       EV:  7    Int: 21    God:    Cheibriados [******]
Gold:   0          SH: 36    Dex: 29    Spells: 0 memorised, 9 levels left

rFire  . . .     SeeInvis .     J - +6 shillelagh "Devastator" {shatter}
rCold  . . .     Clarity  .     K - +15 Maxwell's patent armour {-Cast -Tele rElec MR+ rCorr}
rNeg   + + .     SustAt   .     L - +18 shield of the gong {rElec rN+ MR+ EV-5}
rPois  ∞         Gourm    .     (no helmet)
rElec  +         Spirit   .     (no cloak)
rCorr  +         Warding  .     (no gloves)
rMut   .         NoTele   +     (no boots)
MR     ++...     NoCast   +     (no amulet)
Stlth  ..........               b - ring of Igoa {+Inv rPois Str+4 Int-4 Dex+5}
                                H - +6 ring of strength

@: liquid flames, glowing, very slow, very resistant to hostile enchantments,
extremely unstealthy
A: negative energy resistance 1, electricity resistance, unbreathing,
petrification resistance, rot immunity, AC +7
a: Bend Time, Temporal Distortion, Slouch, Step From Time, Renounce Religion,
Evoke Invisibility


You were in the Dungeon.
You worshipped Cheibriados.
Cheibriados was exalted by your worship.
You were not hungry.

You visited 1 branch

Inventory:

Hand weapons
 J - the +6 shillelagh "Devastator" (weapon) {shatter}
   (You found it in the Dungeon)
Armour
 K - the +15 Maxwell's patent armour (worn) {-Cast -Tele rElec MR+ rCorr}
   (You found it in the Dungeon)

   It insulates you from electricity.
   It affects your resistance to hostile enchantments.
   It prevents spellcasting.
   It prevents most forms of teleportation.
   It protects you from acid and corrosion.
 L - the +18 shield of the gong (worn) {rElec rN+ MR+ EV-5}
   (You found it in the Dungeon)

   It affects your evasion (-5).
   It insulates you from electricity.
   It protects you from negative energy.
   It affects your resistance to hostile enchantments.
Jewellery
 a - an uncursed ring of magical power
 b - the ring of Igoa (right hand) {+Inv rPois Str+4 Int-4 Dex+5}
   (You found it in the Dungeon)

   [ring of poison resistance]

   It affects your strength (+4).
   It affects your intelligence (-4).
   It affects your dexterity (+5).
   It protects you from poison.
   It lets you turn invisible.
 c - an uncursed ring of magical power
 o - a +6 ring of evasion
 D - a +6 ring of dexterity
 E - a +6 ring of dexterity
 F - a +6 ring of intelligence
 G - a +6 ring of intelligence
 H - a +6 ring of strength (left hand)
 I - a +6 ring of strength
Magical devices
 y - a wand of disintegration (7)
 A - a wand of fire (5)
 B - a wand of cold (5)
 C - a wand of draining (5)
Scrolls
 k - 4 scrolls of blinking
 q - 4 scrolls of amnesia
 r - 3 scrolls of recharging
 s - 7 scrolls of fog
 t - 2 scrolls of holy word
 u - 5 scrolls of identify
 v - 5 scrolls of remove curse
 w - 2 scrolls of fear
Potions
 d - 6 potions of might
 f - 10 potions of curing
 g - 9 potions of heal wounds
 h - 6 potions of haste
 i - 7 potions of magic
 j - 3 potions of berserk rage
 l - 2 potions of brilliance
 m - 2 potions of invisibility
 n - 4 potions of resistance
 p - 5 potions of agility
Comestibles
 e - 5 bread rations
 x - 42 fruits
 z - 4 meat rations


   Skills:
 + Level 13.7 Fighting
 + Level 8.2 Maces & Flails
 + Level 14.0 Armour
 + Level 2.8 Dodging
 + Level 15.6 Shields
 + Level 6.8 Invocations


You had 9 spell levels left.
You didn't know any spells.

Dungeon Overview and Level Annotations

Branches:
Dungeon (1/1)

Altars:
Ashenzari
Cheibriados
Dithmenos
Elyvilon
Fedhas
Gozag
Kikubaaqudgha
Makhleb
Nemelex Xobeh
Okawaru
Qazlal
Ru
Sif Muna
Trog
Vehumet
Xom
Yredelemnul
Zin
The Shining One
Beogh
Jiyva
Lugonu


Innate Abilities, Weirdness & Mutations

You are resistant to torment.
Your stone body is resilient (AC +7).
You are immune to poison.
You resist negative energy.
You are resistant to electric shocks.
You can survive without breathing.
You are immune to petrification.
You are immune to rotting.


Message History

Cheibriados thoroughly appreciates the change of pace.
You kill the fire drake!
Cheibriados thoroughly appreciates the change of pace.
You feel somewhat more hungry.
You are covered in liquid flames!
The efreet hits you but does no damage.
You sock the efreet!
You kill the efreet!
Cheibriados appreciates the change of pace.
Your Armour skill increases to level 14!
You are covered in liquid flames!
Unknown command.
You are covered in liquid flames!
You see here a scimitar of flaming.
You are covered in liquid flames!
* * * LOW HITPOINT WARNING * * *
You are covered in liquid flames!
* * * LOW HITPOINT WARNING * * *
You are covered in liquid flames!
You die...

▓.▓.)..▓.▓.▓....▓.▓
▓........▓..†.....▓
▓▓▓▓▓▓▓▓▓▓▓▓▓▓▓▓▓▓▓
▓...8©8...▓..8©8..▓
▓..=)[[...▓..)))..▓
▓..."))...▓..):)..▓
▓.........▓.......▓
▓.........▓..).)..▓
▓....@....▓.......▓
▓.........▓..))...▓
▓.▓.....▓.▓.......▓
▓.....))..▓.......▓
▓▓▓▓▓▓▓▓▓▓▓▓▓▓▓▓▓▓▓
▓..8©8..▓ ▓..).)..▓
▓..).)..▓ ▓.......▓


There were no monsters in sight!

Vanquished Creatures
  2 hell hogs (D)
  2 deep elf knights (D)
  2 deep elf conjurers (D)
  A fire drake (D)
  2 efreet (D)
  4 merfolk (D)
  A deep elf fighter (D)
  2 wolves (D)
  A fire elemental (D)
  A small abomination (D)
  An orc warrior (D)
  2 hell hounds (D)
  A porcupine (D)
  2 wights (D)
  A quasit (D)
  An orc priest (D)
  3 orc wizards (D)
  A white imp (D)
  An ufetubus (D)
  An orc (D)
  2 bat zombies (D)
  A giant gecko skeleton (D)
  A fungus (D)
36 creatures vanquished.

Vanquished Creatures (others)
  A spatial maelstrom (D)
  A fire vortex (D)
2 creatures vanquished.

Grand Total: 38 creatures vanquished

Notes
Turn   | Place    | Note
--------------------------------------------------------------
     0 | D        | nuthulu the Gargoyle Fighter began the quest for the Orb.
     0 | D        | Reached XP level 1. HP: 14/14 MP: 1/1
     0 | D        | Found a roughly hewn altar of Beogh.
     0 | D        | Found a corrupted altar of Lugonu.
     0 | D        | Found a viscous altar of Jiyva.
     0 | D        | Found a white marble altar of Elyvilon.
     0 | D        | Found a sparkling altar of Nemelex Xobeh.
     0 | D        | Found a burning altar of Makhleb.
     0 | D        | Found an iron altar of Okawaru.
     0 | D        | Found a deep blue altar of Sif Muna.
     0 | D        | Found a radiant altar of Vehumet.
     0 | D        | Found a bloodstained altar of Trog.
     0 | D        | Found a shimmering altar of Xom.
    18 | D        | Banished a spatial maelstrom
    57 | D        | Became a worshipper of Cheibriados the Contemplative
    58 | D        | Reached skill level 4 in Fighting
    58 | D        | Reached XP level 2. HP: 17/20 MP: 1/4
   117 | D        | Entered arena 1.
   117 | D        | Noticed a small abomination
   122 | D        | Killed a small abomination
   122 | D        | Acquired Cheibriados's first power
   122 | D        | Reached skill level 6 in Fighting
   122 | D        | Reached XP level 3. HP: 12/28 MP: 5/5
   122 | D        | Reached XP level 4. HP: 13/32 MP: 6/6
   122 | D        | Reached XP level 5. HP: 15/37 MP: 7/7
   302 | D        | Entered arena 2.
   302 | D        | Noticed a porcupine
   302 | D        | Noticed a wolf
   302 | D        | Noticed a wolf
   304 | D        | Killed a porcupine
   304 | D        | Reached skill level 7 in Fighting
   305 | D        | Killed a wolf
   305 | D        | Reached skill level 8 in Fighting
   305 | D        | Reached skill level 5 in Maces & Flails
   305 | D        | Reached XP level 6. HP: 41/45 MP: 8/8
   305 | D        | Killed a wolf
   305 | D        | Reached skill level 9 in Armour
   305 | D        | Reached XP level 7. HP: 45/50 MP: 9/9
   314 | D        | Entered arena 3.
   314 | D        | Noticed a merfolk
   314 | D        | Noticed a merfolk
   314 | D        | Noticed a merfolk
   314 | D        | Noticed a merfolk
   322 | D        | Killed a merfolk
   322 | D        | Acquired Cheibriados's second power
   322 | D        | Reached skill level 10 in Armour
   322 | D        | Reached skill level 10 in Shields
   322 | D        | Killed a merfolk
   322 | D        | Reached skill level 10 in Fighting
   322 | D        | Reached XP level 8. HP: 38/57 MP: 10/10
   325 | D        | Killed a merfolk
   325 | D        | Reached skill level 11 in Armour
   327 | D        | Killed a merfolk
   327 | D        | Acquired Cheibriados's third power
   409 | D        | Got the ring of Igoa {+Inv rPois Str+4 Int-4 Dex+5}
   430 | D        | Entered arena 4.
   430 | D        | Noticed a wight
   430 | D        | Noticed a wight
   432 | D        | Acquired Cheibriados's fourth power
   432 | D        | Killed a wight
   433 | D        | Killed a wight
   543 | D        | Entered arena 5.
   543 | D        | Noticed a hell hound
   543 | D        | Noticed a hell hound
   543 | D        | Noticed a quasit
   545 | D        | Killed a quasit
   546 | D        | Killed a hell hound
   546 | D        | Reached skill level 12 in Shields
   547 | D        | Killed a hell hound
   656 | D        | Entered arena 6.
   656 | D        | Noticed a deep elf conjurer
   656 | D        | Noticed a deep elf knight
   656 | D        | Noticed a deep elf fighter
   656 | D        | Noticed a deep elf knight
   656 | D        | Noticed a deep elf conjurer
   658 | D        | Killed a deep elf conjurer
   658 | D        | Reached XP level 9. HP: 65/65 MP: 5/11
   658 | D        | Killed a deep elf fighter
   658 | D        | Killed a deep elf conjurer
   658 | D        | Reached skill level 13 in Shields
   661 | D        | Killed a deep elf knight
   661 | D        | Killed a deep elf knight
   661 | D        | Reached skill level 14 in Shields
   661 | D        | Reached XP level 10. HP: 69/72 MP: 0/13
   746 | D        | Entered arena 7.
   746 | D        | Noticed an orc wizard
   746 | D        | Noticed an orc wizard
   746 | D        | Noticed an orc wizard
   746 | D        | Noticed an orc warrior
   746 | D        | Noticed an orc priest
   749 | D        | Killed an orc wizard
   749 | D        | Killed an orc wizard
   749 | D        | Killed an orc wizard
   750 | D        | Killed an orc priest
   751 | D        | Killed an orc warrior
   768 | D        | Entered arena 8.
   768 | D        | Noticed a fire elemental
   768 | D        | Noticed an efreet
   768 | D        | Noticed an efreet
   768 | D        | Noticed a fire vortex
   768 | D        | Noticed a fire drake
   768 | D        | Noticed a hell hog
   768 | D        | Noticed a hell hog
   770 | D        | Killed a fire vortex
   773 | D        | Killed a fire elemental
   773 | D        | Reached skill level 5 in Invocations
   776 | D        | Killed an efreet
   776 | D        | Killed a hell hog
   776 | D        | Reached skill level 15 in Shields
   776 | D        | Killed a hell hog
   776 | D        | Killed a fire drake
   777 | D        | Killed an efreet
   781 | D        | Incinerated by a hell hog

Vault maps used:
D:        sprint_v

Action                   |  1- 3 |  4- 6 |  7- 9 | 10-12 || total
-------------------------+-------+-------+-------+-------++-------
Melee: Shillelagh        |     4 |     2 |    20 |     9 ||    35
Invok: Slouch            |       |       |     2 |     2 ||     4
  Use: Potion            |     1 |       |       |     1 ||     2
